 Dungeon Crawl Stone Soup version 0.30.0-10-gfe55d96785 (webtiles) character file.

Game seed: 6018744842867676419

1621 Foic the Poker (level 8, 0/68 HPs)
             Began as a Gnoll Chaos Knight on May 15, 2023.
             Was a Plaything of Xom.
             Slain by a troll (shapeshifter) (8 damage)
             ... on level 6 of the Dungeon.
             The game lasted 00:24:35 (6337 turns).

Foic the Poker (Gnoll Chaos Knight)                 Turns: 6337, Time: 00:24:37

Health: 0/68       AC:  7    Str:  9 (10) XL:     8   Next: 96%
Magic:  13/13      EV: 11    Int: 15 (16) God:    Xom [*.....]
Gold:   402        SH:  0    Dex: 12 (13) Spells: 14/14 levels left

rFire   . . .        a - +0 spear (chaos)
rCold   . . .        (no shield)
rNeg    + . .        K - +0 chain mail
rPois   .            (no helmet)
rElec   .            (no cloak)
rCorr   .            G - +0 pair of gloves
SInv    .            (no boots)
Will    .....        (no amulet) Stlth
                     f - +5 ring of evasion
HPRegen 0.31/turn    B - ring of positive energy
MPRegen 0.13/turn

%: no passive effects
@: corroded, slowed, very slow
A: fangs 1, strong nose, distributed training, talons 1, clever 1, deterioration
1
a: Renounce Religion


You were on level 6 of the Dungeon.
You worshipped Xom.
You were a special plaything of Xom.
You visited 2 branches of the dungeon, and saw 7 of its levels.

You collected 402 gold pieces.

Inventory:

Hand Weapons
 a - a +0 spear of chaos (weapon)
 C - a +0 sling
Missiles
 h - 7 poisoned darts
 p - 34 stones
 r - 6 silver javelins
 H - 6 boomerangs
Armour
 b - a +2 leather armour
 G - a +0 pair of gloves (worn)
 K - a +0 chain mail (worn)
Jewellery
 f - a +5 ring of evasion (left hand)
 B - a ring of positive energy (right hand)
 I - a +5 ring of evasion
Wands
 y - a wand of iceblast (9)
 J - a wand of acid (9)
Scrolls
 d - 2 scrolls of blinking {unknown}
 e - 2 scrolls of butterflies {unknown}
 g - 3 scrolls of teleportation {unknown}
 j - 2 scrolls of noise {unknown}
 k - 3 scrolls of magic mapping {unknown}
 l - 5 scrolls of enchant armour {unknown}
 m - 9 scrolls of identify {unknown}
 n - a scroll of torment {unknown}
 o - a scroll of brand weapon {unknown}
 v - a scroll of silence {unknown}
 D - a scroll of vulnerability {unknown}
Potions
 i - 3 potions of degeneration {unknown}
 q - 2 potions of might {unknown}
 s - a potion of attraction {unknown}
 t - 3 potions of curing {unknown}
 u - a potion of ambrosia {unknown}
 w - a potion of berserk rage {unknown}
 z - 2 potions of haste {unknown}
 A - a potion of resistance {unknown}
 E - a potion of heal wounds {unknown}
 F - 3 potions of mutation {unknown}
Miscellaneous
 c - a piece from Xom's chessboard (15/15) (quivered)


   Skills:
 + Level 7.7 Fighting
 + Level 3.9 Short Blades
 + Level 3.9 Long Blades
 + Level 3.9 Axes
 + Level 3.9 Maces & Flails
 + Level 7.7 Polearms
 + Level 3.9 Staves
 + Level 3.9 Ranged Weapons
 + Level 3.9 Throwing
 + Level 6.1 Armour
 + Level 4.7 Dodging
 + Level 3.9 Stealth
 + Level 3.9 Shields
 + Level 3.9 Unarmed Combat
 + Level 3.9 Spellcasting
 + Level 3.2 Conjurations
 + Level 3.2 Hexes
 + Level 3.2 Summonings
 + Level 3.2 Necromancy
 + Level 3.2 Translocations
 + Level 3.2 Transmutations
 + Level 3.2 Fire Magic
 + Level 3.2 Ice Magic
 + Level 3.2 Air Magic
 + Level 3.2 Earth Magic
 + Level 3.2 Poison Magic
 + Level 4.2 Invocations
 + Level 3.9 Evocations


You had 14 spell levels left.
You didn't know any spells.
Your spell library contained the following spells:

 Spells                   Type           Power      Damage    Failure   Level
 Summon Small Mammal      Summ           48%        N/A       88%         1
 Static Discharge         Conj/Air       24%        2-3/arc   96%         2
 Call Canine Familiar     Summ           12%        N/A       99%         3
 Summon Guardian Golem    Hex/Summ       12%        N/A       99%         3
 Airstrike                Air            6%         2d(1-17)  100%        4
 Summon Lightning Spire   Summ/Air       12%        N/A       100%        4


Dungeon Overview and Level Annotations

Branches:
Dungeon (6/15)             Temple (1/1) D:4

Altars:
Ashenzari
Dithmenos
Elyvilon
Hepliaklqana
Kikubaaqudgha
Makhleb
Nemelex Xobeh
Okawaru
Qazlal
Ru
Sif Muna
Uskayaw
Vehumet
Wu Jian
The Shining One


Innate Abilities, Weirdness & Mutations

You have very sharp teeth.
Your uncanny sense of smell can sniff out nearby items.
Your experience applies equally to all skills.
You have sharp toenails.
Your mind is acute. (Int +4, Str/Dex -1)
Your body sometimes deteriorates upon taking damage.


Message History

The black bear is heavily wounded.
You are engulfed in seething chaos.
You feel yourself slow down. "Hum-dee-hum-dee-hum..."
The black bear changes into a shapeshifter!
The centaur hits you but does no damage.
The centaur barely misses you.
You hit the centaur. You drain the centaur. You claw the centaur.
You bite the centaur, but do no damage.
The centaur is heavily wounded.
You are engulfed in seething chaos.
The shapeshifter changes into a troll!
The centaur completely misses you. The centaur closely misses you.
You hit the troll but do no damage.
The troll is poisoned.
You are engulfed in seething chaos.
You feel as though you will be slow longer.
The centaur closely misses you.
The centaur kicks you but does no damage.
The centaur hits you but does no damage.
The centaur kicks you but does no damage.
The troll bites you!
Your body deteriorates!
You feel weakened. The troll claws you! x2
* * * LOW HITPOINT WARNING * * *
The centaur is engulfed in seething chaos.
The centaur completely misses you.
The centaur kicks you but does no damage.
The centaur is engulfed in seething chaos.
The centaur wields a +0 shortbow.
The centaur shoots an arrow.
The arrow hits you.
* * * LOW HITPOINT WARNING * * *
The centaur is engulfed in seething chaos.
The troll barely misses you. x2; The troll misses you.
You hit the troll but do no damage. You claw the troll, but do no damage.
You bite the troll, but do no damage.
The centaur is engulfed in seething chaos.
The centaur seems to speed up.
The troll closely misses you. The troll claws you!
* * * LOW HITPOINT WARNING * * *
The troll claws you!
You die...
Xom titters!

....................##...........
.........#........####...........
.........########## ##.####.....
..........# ∆ #.## #.....
.........## # #..###.....
.........## .## ##.........
..........#.. #.. .##.........
..##.####.########## '##........)
..##.# #.#.....@#.....#........)
..##.# #.#.#..#T#.#.#.##...#....
..##.####.#.....c#.....###......)
.......##.#......#.#.#.#.........
.......##.#.#..#.'.....#.......^.
........#........#######.........
........#.#########............##
............### #............##
........#.#...# #............#


You could see a troll shaped shifter (very poisoned) and a centaur (fast,
resistant, drained).

Vanquished Creatures
  A hornet (shapeshifter) (D:2)
  A swamp worm (shapeshifter) (D:3)
  A black bear (D:4)
  2 ogres
  Blork the orc (D:5)
  A scorpion (D:6)
  A howler monkey (D:6)
  A jelly (D:5)
  A gnoll bouda (D:6)
  3 iron imps (D:5)
  3 orc priests (D:6)
  3 hounds (D:5)
  2 iguanas (D:5)
  3 sleepcaps
  Terence (D:2)
  4 orc wizards
  7 gnolls
  12 adders
  2 ufetubi (D:5)
  5 worms
  4 dart slugs
  11 orcs
  8 ball pythons
  7 bats
  6 endoplasms
  6 giant cockroaches
  7 goblins
  8 hobgoblins
  4 jackals (D:2)
  3 quokkas
  6 frilled lizards
  7 kobolds
  5 rats
137 creatures vanquished.

Notes
Turn   | Place    | Note
-------+----------+-------------------------------------------
     0 | D:1      | Foic the Gnoll Chaos Knight began the quest for the Orb.
     0 | D:1      | Reached XP level 1. HP: 23/23 MP: 1/1
    76 | D:1      | Reached XP level 2. HP: 29/29 MP: 2/2
   319 | D:1      | Reached XP level 3. HP: 35/35 MP: 3/3
   466 | D:1      | XOM: divination: magic mapping
   553 | D:1      | XOM: silly message
   635 | D:1      | XOM: god gift: 6 stones
   829 | D:2      | XOM: scenery: 2 doors open
   832 | D:2      | XOM: divination: magic mapping
   834 | D:2      | a quokka changed into a shapeshifter
   834 | D:2      | Noticed a shapeshifter (shapeshifter)
   834 | D:2      | XOM: polymorph quokka -> shapeshifter
   834 | D:2      | a shapeshifter changed into a black mamba
   834 | D:2      | Noticed a black mamba (shapeshifter)
   836 | D:2      | XOM: potion effect (brilliance)
   839 | D:2      | XOM: butterfly on damage
   844 | D:2      | a black mamba changed into a shapeshifter
   844 | D:2      | Noticed a shapeshifter (shapeshifter)
   844 | D:2      | XOM: polymorph black mamba -> shapeshifter
   844 | D:2      | a shapeshifter changed into a hornet
   844 | D:2      | Noticed a hornet (shapeshifter)
   853 | D:2      | Killed a hornet
   854 | D:2      | Reached skill level 1 in Short Blades
   854 | D:2      | Reached skill level 1 in Long Blades
   854 | D:2      | Reached skill level 1 in Axes
   854 | D:2      | Reached skill level 1 in Maces & Flails
   854 | D:2      | Reached skill level 1 in Staves
   854 | D:2      | Reached skill level 1 in Ranged Weapons
   854 | D:2      | Reached skill level 1 in Throwing
   854 | D:2      | Reached skill level 1 in Stealth
   854 | D:2      | Reached skill level 1 in Shields
   854 | D:2      | Reached skill level 1 in Unarmed Combat
   854 | D:2      | Reached skill level 1 in Spellcasting
   854 | D:2      | Reached skill level 1 in Conjurations
   854 | D:2      | Reached skill level 1 in Hexes
   854 | D:2      | Reached skill level 1 in Summonings
   854 | D:2      | Reached skill level 1 in Necromancy
   854 | D:2      | Reached skill level 1 in Translocations
   854 | D:2      | Reached skill level 1 in Transmutations
   854 | D:2      | Reached skill level 1 in Fire Magic
   854 | D:2      | Reached skill level 1 in Ice Magic
   854 | D:2      | Reached skill level 1 in Air Magic
   854 | D:2      | Reached skill level 1 in Earth Magic
   854 | D:2      | Reached skill level 1 in Poison Magic
   854 | D:2      | Reached skill level 1 in Evocations
   854 | D:2      | Reached XP level 4. HP: 7/41 MP: 4/6
   854 | D:2      | Reached XP level 5. HP: 8/47 MP: 4/7
  1061 | D:2      | Reached XP level 6. HP: 53/53 MP: 8/8
  1173 | D:2      | Noticed Terence
  1180 | D:2      | XOM: enchant monster (good)
  1192 | D:2      | Killed Terence
  1263 | D:2      | XOM: 1-stop teleportation journey
  1349 | D:2      | Reached skill level 5 in Armour
  1592 | D:2      | XOM: scenery: summon butterflies
  1876 | D:2      | XOM: give mutations
  1876 | D:2      | Gained mutation: Your body sometimes deteriorates upon
                  | taking damage. [Xom's mischief]
  1876 | D:2      | Gained mutation: Your muscles are strong. (Str +4, Int/Dex
                  | -1) [Xom's mischief]
  1876 | D:2      | Lost mutation: Your muscles are strong. (Str +4, Int/Dex
                  | -1) [Xom's mischief]
  2033 | D:3      | XOM: 3-stop teleportation journey
  2142 | D:3      | a rat changed into a glowing shapeshifter
  2142 | D:3      | Noticed a glowing shapeshifter (glowing shapeshifter)
  2142 | D:3      | XOM: polymorph rat -> glowing shapeshifter
  2142 | D:3      | a glowing shapeshifter changed into a swamp worm
  2142 | D:3      | Noticed a swamp worm (glowing shapeshifter)
  2168 | D:3      | Killed a swamp worm
  2169 | D:3      | Reached XP level 7. HP: 60/60 MP: 10/10
  2448 | D:3      | Found a faded altar of an unknown god.
  2732 | D:3      | XOM: silly message
  3107 | D:4      | Found a staircase to the Ecumenical Temple.
  3116 | Temple   | Entered the Ecumenical Temple
  3256 | D:4      | Found a broken altar of Ashenzari.
  3420 | D:4      | Found a hide-covered altar of Uskayaw.
  3744 | D:5      | Entered Level 5 of the Dungeon
  3745 | D:5      | Noticed Blork the orc
  3751 | D:5      | XOM: 3-stop teleportation journey
  3756 | D:5      | Killed Blork the orc
  3868 | D:5      | Reached XP level 8. HP: 67/67 MP: 12/12
  3868 | D:5      | XOM: silly message
  4139 | D:5      | Found a burning altar of Makhleb.
  4163 | D:5      | XOM: enchant monster (bad)
  4166 | D:5      | XOM: stat loss: -1 Int (11/12)
  4224 | D:5      | XOM: god gift: sapphire potion {god gift}
  4278 | D:5      | XOM: scenery: summon butterflies
  4749 | D:6      | Noticed a boulder beetle
  4757 | D:6      | XOM: 2-stop teleportation journey
  4810 | D:6      | XOM: god gift: 36 gold pieces
  5001 | D:6      | XOM: smoke on damage
  5217 | D:6      | XOM: give mutations
  5217 | D:6      | Gained mutation: Your mind is acute. (Int +4, Str/Dex -1)
                  | [Xom's mischief]
  5217 | D:6      | Gained mutation: You have sharp toenails. [Xom's mischief]
  5551 | D:5      | XOM: cloud trail
  5778 | D:6      | XOM: enchant monster (good)
  5799 | D:6      | XOM: scenery: summon butterflies
  5915 | D:6      | XOM: smoke on damage
  6319 | D:6      | XOM: stat loss: -1 Dex (12/13)
  6325 | D:6      | XOM: enchant monster (bad)
  6329 | D:6      | XOM: chaos cloud
  6331 | D:6      | a jelly changed into a shapeshifter
  6331 | D:6      | Noticed a shapeshifter (shapeshifter)
  6331 | D:6      | a shapeshifter changed into a black bear
  6332 | D:6      | a black bear changed into a shapeshifter
  6332 | D:6      | Noticed a shapeshifter (shapeshifter)
  6332 | D:6      | XOM: polymorph black bear -> shapeshifter
  6333 | D:6      | a shapeshifter changed into a troll
  6333 | D:6      | Noticed a troll (shapeshifter)
  6337 | D:6      | Slain by a troll (shapeshifter)

Illustrated notes

Levels and vault maps discovered:
D:1:      mushboom_english_gardens, layout_loops_ring
D:2:      layout_basic, serial_co_window_serial, co_window_of_opportunity_a,
          co_window_of_opportunity_a, co_window_corner_a, co_window_paths_a,
          co_window_cross_1, co_window_paths_a, co_window_paths_a,
          co_window_corner_ca, co_window_broadway_b, co_window_broadway_a,
          co_window_sun, glass_columns_a, glass_columns_b,
          kennysheep_generic_room_4, uniq_terence
D:3:      minmay_spotlight, layout_basic,
          dreamdust_ecumenical_altar_hidden_monk_grotto, chequers_arboretum,
          kennysheep_generic_room_5
D:4:      layout_basic, mainiacjoe_overflow_six_doors_small,
          nicolae_uskayaw_suspiria, minmay_temple_entry_trees, minmay_surrounded
D:5:      layout_basic, demons_altar, uniq_blork_the_orc
D:6:      minmay_clustersquares, layout_basic, gammafunk_temple_overflow_wave
Temple:   nicolae_temple_hex_pool

Skill      XL: |  1  2  3  4  5  6  7  8 |
---------------+-------------------------+-----
Short Blades   | 1 2 3 |  3.9
Long Blades    | 1 2 3 |  3.9
Axes           | 1 2 3 |  3.9
Maces & Flails | 1 2 3 |  3.9
Staves         | 1 2 3 |  3.9
Ranged Weapons | 1 2 3 |  3.9
Throwing       | 1 2 3 |  3.9
Dodging        | 3 4 |  4.7
Stealth        | 1 2 3 |  3.9
Shields        | 1 2 3 |  3.9
Unarmed Combat | 1 2 3 |  3.9
Spellcasting   | 1 2 3 |  3.9
Conjurations   | 1 2 3 |  3.2
Hexes          | 1 2 3 |  3.2
Summonings     | 1 2 3 |  3.2
Necromancy     | 1 2 3 |  3.2
Translocations | 1 2 3 |  3.2
Transmutations | 1 2 3 |  3.2
Fire Magic     | 1 2 3 |  3.2
Ice Magic      | 1 2 3 |  3.2
Air Magic      | 1 2 3 |  3.2
Earth Magic    | 1 2 3 |  3.2
Poison Magic   | 1 2 3 |  3.2
Invocations    | 2 3 4 |  4.2
Evocations     | 1 2 3 |  3.9
Armour         | 5 6 |  6.1
Fighting       | 7 |  7.7
Polearms       | 7 |  7.7

Action                     |  1- 3 |  4- 6 |  7- 9 || total
---------------------------+-------+-------+-------++-------
  Melee: Spear             |    83 |   134 |   446 ||   663
         Bite              |     4 |    16 |    50 ||    70
         Unarmed           |       |     9 |       ||     9
         Punch             |       |     4 |    11 ||    15
         Kick              |       |       |    23 ||    23
  Evoke: Piece from Xom's  |     7 |     2 |     6 ||    15
    Use: Potion            |       |       |     1 ||     1
   Stab: Paralysed         |     7 |     4 |     2 ||    13
         Sleeping          |       |     6 |       ||     6
         Petrified         |       |     2 |     3 ||     5
         Confused          |       |       |     3 ||     3
         Petrifying        |       |       |     2 ||     2
 Armour: Leather armour    |    11 |     5 |       ||    16
         Scale mail        |       |    20 |    74 ||    94
         Skin              |       |     1 |       ||     1
         Chain mail        |       |       |    36 ||    36
  Dodge: Dodged            |    42 |    67 |   240 ||   349
